 Dungeon Crawl Stone Soup version 0.23.2-1-ga50397a (webtiles) character file.

Game seed: 12424716283541648892

254 schauveau the Cudgeler (level 6, -5/38 HPs)
             Began as a Gargoyle Fighter on May 2, 2019.
             Killed from afar by an orc wizard (7 damage)
             ... with a puff of flame
             ... on level 4 of the Dungeon.
             The game lasted 00:03:07 (1303 turns).

schauveau the Cudgeler (Gargoyle Fighter)           Turns: 1303, Time: 00:03:08

Health: -5/38      AC: 17    Str: 21    XL:     6   Next: 14%
Magic:  6/6        EV:  5    Int:  9    God:
Gold:   98         SH:  9    Dex:  9    Spells: 5/5 levels left

rFire    . . .     SeeInvis .   a - +1 flail
rCold    . . .     Gourm    .   c - +0 shield
rNeg     + . .     Faith    .   j - +0 chain mail
rPois    ∞         Spirit   .   (no helmet)
rElec    +         Reflect  .   m - +2 cloak
rCorr    .         Harm     .   (no gloves)
MR       .....                  (no boots)
Stlth    ..........             (no amulet)
HPRegen  0.12/turn              (no ring)
MPRegen  0.10/turn              (no ring)

@: no status effects
A: negative energy resistance 1, electricity resistance, unbreathing,
petrification resistance, rot immunity, AC +4
a: no special abilities


You were on level 4 of the Dungeon.
You were not hungry.

You visited 1 branch of the dungeon, and saw 5 of its levels.

You collected 98 gold pieces.

Inventory:

Hand Weapons
 a - a +1 flail (weapon)
 l - a cursed +0 hand axe
Armour
 c - a +0 shield (worn)
 j - a +0 chain mail (worn)
 m - a +2 cloak (worn)
Scrolls
 i - a scroll of remove curse {unknown}
 k - 2 scrolls of fog
Potions
 d - a potion of might
 e - a potion of resistance
 h - a potion of brilliance {unknown}
 o - a potion of haste
Comestibles
 f - 6 rations


   Skills:
 - Level 3.7 Fighting
 * Level 5.2 Maces & Flails
 - Level 3.9 Armour
 - Level 0.1 Dodging
 - Level 3.9 Shields


You had 5 spell levels left.
You didn't know any spells.
Your spell library was empty.

Dungeon Overview and Level Annotations

Branches:
Dungeon (5/15)
 Temple: D:4-7

Altars:


Innate Abilities, Weirdness & Mutations

You are resistant to torment.
Your stone body is resilient. (AC +4)
You are immune to poison.
You resist negative energy. (rN+)
You are resistant to electric shocks. (rElec)
You can survive without breathing.
You are immune to petrification.
You are immune to rotting.


Message History

You barely miss something. Something hits you but does no damage.
You miss something. Something hits you but does no damage. Something hits you.
* * * LOW HITPOINT WARNING * * *
You closely miss something. Something hits you but does no damage.
The orc wizard casts a spell at you. Something hits you but does no damage.
Your chain mail prevents you from hitting something.
You block something's attack. Something hits you but does no damage.
You barely miss something.
You hear some strange, mumbled words.
A puff of flame appears from out of thin air!
The puff of flame hits you but does no damage.
Something hits you but does no damage. Something hits you.
* * * LOW HITPOINT WARNING * * *
An ogre comes into view. It is wielding a +0 giant spiked club.
The ogre shouts!
A puff of flame appears from out of thin air!
The puff of flame hits you!
You die...

.......(...##.. .........#
......#.##.##.# ..##.##.#
####..#.##.##.# ..##.##.###
#..#.##.##.# #.##...o..#
##..#.##.##.# #O#####)#.#
##........##.# ##.#####.#.#
##......#####.# #.{o..o..#.#
.#..÷.........####.#####.##.#
...>..[.........@.....##.# .#
#.....############.##.##.##.#
##...## #.##.......# #..#.#
#.......#### ..##.# #########
####.#### #......# #.#.##.#
##.#.##.####


You could see an orc wizard.

Vanquished Creatures
  A hound (D:4)
  An orc priest (D:4)
  Crazy Yiuf (D:4)
  Natasha (twice) (D:4)
  3 worker ants (D:4)
  2 adders (D:4)
  An ooze (D:1)
  A dart slug (D:3)
  2 bats (D:1)
  A giant cockroach (D:4)
  4 goblins
  4 jackals (D:2)
  A ball python (D:1)
  3 frilled lizards
  A jackal skeleton (D:4)
  2 kobolds
  3 rats
33 creatures vanquished.

Notes
Turn   | Place    | Note
-------+----------+-------------------------------------------
     0 | D:1      | schauveau the Gargoyle Fighter began the quest for the Orb.
     0 | D:1      | Reached XP level 1. HP: 14/14 MP: 1/1
   123 | D:1      | Reached XP level 2. HP: 19/19 MP: 2/2
   515 | D:2      | Reached XP level 3. HP: 23/23 MP: 3/3
   552 | D:4      | Noticed Natasha
   559 | D:4      | Killed Natasha
   581 | D:4      | Reached skill level 3 in Maces & Flails
   581 | D:4      | Reached XP level 4. HP: 20/29 MP: 4/4
   778 | D:4      | Noticed Natasha
   787 | D:4      | Killed Natasha
   787 | D:4      | Reached XP level 5. HP: 28/33 MP: 5/5
   794 | D:4      | Reached skill level 4 in Maces & Flails
   952 | D:5      | Entered Level 5 of the Dungeon
  1065 | D:4      | Found a runed translucent door.
  1066 | D:4      | Noticed Crazy Yiuf
  1086 | D:4      | Killed Crazy Yiuf
  1145 | D:4      | Reached skill level 5 in Maces & Flails
  1145 | D:4      | Reached XP level 6. HP: 12/38 MP: 6/6
  1303 | D:4      | Killed from afar by an orc wizard

Skill      XL: |  1  2  3  4  5 |
---------------+----------------+-----
Maces & Flails | 3 5 |  5.2
Fighting       | |  3.7
Armour         | |  3.9
Dodging        | |  0.1
Shields        | |  3.9

Action                   |  1- 3 |  4- 6 || total
-------------------------+-------+-------++-------
Melee: Flail             |    91 |   115 ||   206
  Use: Scroll            |       |     7 ||     7
       Potion            |       |     1 ||     1
  Eat: Chunk             |       |     1 ||     1
       Ration            |       |     1 ||     1
Armor: Scale mail        |    18 |       ||    18
       Chain mail        |    33 |    83 ||   116
Dodge: Dodged            |    23 |    22 ||    45
Block: Shield            |    42 |    48 ||    90
